 Dungeon Crawl Stone Soup version 0.30-a0-263-ge22c4ad894 (webtiles) character file.

Game seed: 2789521692747053407

9 bjarki66 the Grave Robber (level 2, 0/19 HPs)
             Began as a Demonspawn Necromancer on Oct 13, 2022.
             Slain by a jackal (1 damage)
             ... on level 1 of the Dungeon.
             The game lasted 00:01:01 (470 turns).

bjarki66 the Grave Robber (Demonspawn Necromancer)   Turns: 470, Time: 00:01:02

Health: 0/19       AC:  2    Str:  8    XL:     2   Next: 3%
Magic:  0/5        EV: 12    Int: 16    God:
Gold:   32         SH:  0    Dex: 13    Spells: 4/5 levels left

rFire   . . .      SeeInvis .    (no weapon)
rCold   . . .      Faith    .    (no shield)
rNeg    . . .      Spirit   .    a - +0 robe
rPois   .          Reflect  .    (no helmet)
rElec   .          Harm     .    (no cloak)
rCorr   .          Rampage  .    (no gloves)
Will    .....                    (no boots)
Stlth   ++........               (no amulet)
HPRegen 0.23/turn                (no ring)
MPRegen 0.09/turn                (no ring)

@: very slightly contaminated
A: powered by pain 1
a: no special abilities


You were on level 1 of the Dungeon.
You visited 1 branch of the dungeon, and saw 1 of its levels.

You collected 32 gold pieces.

Inventory:

Armour
 a - a +0 robe (worn)
Jewellery
 d - a +4 ring of slaying
Scrolls
 e - a scroll of enchant weapon {unknown}
 f - a scroll of fear {unknown}
Potions
 b - a potion of magic
 c - a potion of cancellation {unknown}


   Skills:
 + Level 1.7 Dodging
 - Level 1.7 Stealth
 + Level 2.1 Spellcasting
 + Level 4.8 Necromancy


You had 4 spell levels left.
You knew the following spells:

 Your Spells              Type           Power      Damage    Failure   Level
a - Necrotise             Necr           68%        1d7       2%          1

Your spell library contained the following spells:

 Spells                   Type           Power      Damage    Failure   Level
 Vampiric Draining        Necr           17%        2d7       9%          3
 Shock                    Conj/Air       4%         1d3       21%         1
 Animate Dead             Necr           17%        N/A       28%         4
 Swiftness                Air            1%         N/A       52%         3
 Airstrike                Air            0%         2d(1-17)  90%         4
 Agony                    Necr           17%        N/A       61%         5


Dungeon Overview and Level Annotations

Branches:
Dungeon (1/15)

Altars:


Innate Abilities, Weirdness & Mutations

You sometimes gain a little power by taking damage.


Message History

The jackal struggles to escape constriction.
The jackal bites your ball python skeleton.
The jackal struggles to escape constriction.
The endoplasm hits your ball python skeleton.
Your ball python skeleton is destroyed!
The jackal barely misses you.
You hit the jackal but do no damage. The jackal misses you.
The jackal bites you.
You closely miss the jackal. The jackal bites you.
You hit the jackal.
The jackal is lightly wounded.
The jackal bites you.
You hit the jackal but do no damage.
The jackal is lightly wounded.
The jackal bites you. x2
You barely miss the jackal.
The jackal is lightly wounded.
The jackal bites you.
You closely miss the jackal.
The jackal is lightly wounded.
The jackal bites you.
* * * LOW HITPOINT WARNING * * *
The jackal closely misses you.
You are too injured to fight recklessly!
Unknown command.
Casting: Necrotise (safe; 2% risk of failure)
Confirm with . or Enter, or press ? or * to list all spells.
Aiming: Necrotise (safe; 2% risk of failure)
Press: ? - help, Shift-Dir - straight line, f - jackal, p - jackal
Aim: a jackal (lightly wounded, chance to affect: 87%)
You miscast Necrotise.
You are very lightly contaminated with residual magic.
Nothing appears to happen.
The jackal closely misses you.
Unknown command.
The jackal attacks as you move away! The jackal closely misses you.
The jackal barely misses you. The jackal attacks as you move away!
The jackal bites you.
* * * LOW HITPOINT WARNING * * *
The jackal bites you.
You die...

#########
........################
........................
#######.################
#......# ####
#......###########...
#......##..........##
#...@..##..........#.
#...hh.##..........#.
#......##..........#.
#...h..##..........#.
####.####.....)......
#.# #..........#. #J#
#..........#. #.#
############. ##.#####
#.


You could see an endoplasm and 3 jackals.

Vanquished Creatures
  2 endoplasms (D:1)
  A giant cockroach (D:1)
  2 ball pythons (D:1)
  A frilled lizard (D:1)
  2 kobolds (D:1)
8 creatures vanquished.

Notes
Turn   | Place    | Note
-------+----------+-------------------------------------------
     0 | D:1      | bjarki66 the Demonspawn Necromancer began the quest for the
                  | Orb.
     0 | D:1      | Reached XP level 1. HP: 13/13 MP: 3/3
   452 | D:1      | Gained mutation: You sometimes gain a little power by
                  | taking damage. [demonic ancestry]
   452 | D:1      | Reached XP level 2. HP: 15/19 MP: 1/5
   470 | D:1      | Slain by a jackal

Illustrated notes

Levels and vault maps discovered:
D:1:      wander_arrival_fairy_ring, layout_basic, minmay_misc_feat_encased,
          serial_bayou_lagoon_a, minmay_misc_feat_tiny, minmay_box_of_dots

Action                   || total
-------------------------++-------
Melee: Unarmed           ||     9
 Cast: Necrotise         ||    16
Armor: Robe              ||     3
Dodge: Dodged            ||    14

Table legend: (Time is in decaauts)
 A = Elapsed time spent in this place.
 B = Non-inter-level travel time spent in this place.
 C = Inter-level travel time spent in this place.
 D = Time resting spent in this place.
 E = Time spent auto-exploring this place.
 F = Levels seen in this place.
 G = Mean time per level.
                   A        B        C        D        E       F      G
               +--------+--------+--------+--------+--------+-----+--------+
         Total |    470 |    470 |      0 |      0 |    401 |   1 |  470.0 |
       Dungeon |    470 |    470 |      0 |      0 |    401 |   1 |  470.0 |
               +--------+--------+--------+--------+--------+-----+--------+

Top non-repeatable levels by time:
     D:1: 470 daAuts
